 Dungeon Crawl Stone Soup version 0.30-a0-141-g30f27751c5 (webtiles) character file.

Game seed: 4793479058449465296

1845 qw the Cleaver (level 9, -4/55 HPs)
             Began as a Gargoyle Fighter on Sept 25, 2022.
             Slain by a wight
             ... wielding a +3 dire flail
              (9 damage)
             ... on level 7 of the Dungeon.
             The game lasted 00:02:28 (7126 turns).

qw the Cleaver (Gargoyle Fighter)                   Turns: 7126, Time: 00:02:28

Health: -4/55      AC: 24    Str: 23    XL:     9   Next: 12%
Magic:  9/9        EV:  8    Int: 10    God:
Gold:   92         SH:  4    Dex:  9    Spells: 8/8 levels left

rFire   . . .      SeeInvis +    Y - +2 war axe
rCold   . . .      Faith    .    c - +0 buckler
rNeg    + . .      Spirit   .    t - +0 chain mail
rPois   inf        Reflect  .    p - +2 helmet
rElec   +          Harm     .    (no cloak)
rCorr   .          Rampage  .    b - +0 pair of gloves
Will    .....                    (no boots)
Stlth   ..........               (no amulet)
HPRegen 0.18/turn                k - ring of see invisible
MPRegen 0.11/turn                q - +4 ring of protection

@: about to teleport
A: sickness immunity, AC +6, negative energy resistance 1, electricity
resistance, torment resistance 1, petrification resistance
a: no special abilities


You were on level 7 of the Dungeon.
You visited 2 branches of the dungeon, and saw 8 of its levels.

You collected 267 gold pieces.
You spent 175 gold pieces at shops.


Innate Abilities, Weirdness & Mutations

You are immune to sickness and miasma.
Your stone body is resilient. (AC +6)
You are immune to poison.
You resist negative energy. (rN+)
You are resistant to electric shocks. (rElec)
You are resistant to unholy torment.
You are immune to petrification.


   Skills:
 - Level 6.2 Fighting
 - Level 9.2 Axes
 - Level 1.2 Throwing
 - Level 4.4 Armour
 - Level 1.0 Dodging
 + Level 3.2 Shields


You had 8 spell levels left.
You didn't know any spells.
Your spell library was empty.

Inventory:

Hand Weapons
 r - a +0 morningstar
 Y - a +2 war axe (weapon)
Missiles
 g - 3 boomerangs (quivered)
Armour
 b - a +0 pair of gloves (worn)
 c - a +0 buckler (worn)
 p - a +2 helmet (worn)
 t - a +0 chain mail (worn)
Jewellery
 a - a ring of fire
 f - a +4 ring of evasion
 k - a ring of see invisible (left hand)
 q - a +4 ring of protection (right hand)
Scrolls
 l - a scroll of silence {unknown}
 m - 5 scrolls of teleportation
 n - 3 scrolls of identify
Potions
 d - 2 potions of might
 e - a potion of cancellation
 h - 2 potions of heal wounds
 i - 5 potions of curing
 j - 2 potions of resistance
 u - a potion of lignification

Dungeon Overview and Level Annotations

Branches:
Dungeon (7/15)             Temple (1/1) D:6

Altars:
Ashenzari
Dithmenos
Elyvilon
Fedhas
Gozag
Hepliaklqana
Kikubaaqudgha
Makhleb
Nemelex Xobeh
Qazlal
Ru
Trog
Uskayaw
Wu Jian
Xom
Zin
The Shining One

Shops:
D:4 ?


Message History

The killer bee closely misses you.
The wyvern bites you but does no damage.
The killer bee stings you but does no damage. x2
The wyvern closely misses you.
You barely miss the wyvern.
The wyvern is heavily wounded.
You hit the killer bee. You closely miss the killer bee. You hit the wight.
The wyvern bites you but does no damage.
The killer bee stings you but does no damage.
The wight hits you but does no damage. The wyvern bites you!
The killer bee barely misses you.
You hit the wyvern.
The wyvern is severely wounded.
You barely miss the wight. You closely miss the killer bee.
You miss the killer bee. The killer bee barely misses you.
The killer bee stings you.
The wyvern bites you but does no damage.
The wight hits you with a +3 dire flail.
You block the killer bee's attack.
The killer bee stings you but does no damage.
The killer bee completely misses you.
You slice the wyvern!!
You kill the wyvern!
You closely miss the killer bee. You hit the wight but do no damage.
You miss the killer bee. x2
The killer bee barely misses you.
The killer bee stings you but does no damage. x2
The wight hits you with a +3 dire flail.
The killer bee stings you but does no damage.
The killer bee stings you. x3
Your Axes skill increases to level 9!
7126 ||| READING 6 scrolls of teleportation.
As you read the scroll of teleportation, it crumbles to dust.
You feel strangely unstable. The killer bee barely misses you.
The killer bee stings you but does no damage.
You block the killer bee's attack. The killer bee stings you.
The wight hits you but does no damage.
The wight hits you with a +3 dire flail!
You die...

## #....####
..###.......
...........#
...........#
...........#
...........#
......yyz..#
......y@y..###.#
########z......# ##
#.####..## ####.
#......... .....
#.####..)#######. #.#
#..........
#######'#####....#####.
............####.#####.
.......................


You could see 4 killer bees and 2 wights.

Vanquished Creatures
  Sigmund (D:6)
  A wyvern (D:7)
  2 black bears
  2 ice beasts (D:6)
  An orc warrior (D:6)
  A phantom (D:5)
  Blork the orc (D:6)
  A kobold brigand (D:6)
  2 necrophages (D:5)
  A scorpion (D:4)
  A wight (D:7)
  A killer bee (D:7)
  2 jellies
  5 hounds
  2 orc priests (D:4)
  2 iguanas
  4 orc wizards
  Robin (D:3)
  3 gnolls (D:2)
  3 adders
  2 white imps
  A worm (D:2)
  A dart slug (D:3)
  10 orcs
  5 endoplasms
  3 giant cockroaches (D:4)
  10 goblins
  9 hobgoblins
  A jackal (D:1)
  6 quokkas
  11 ball pythons
  5 bats
  6 frilled lizards
  10 kobolds
  7 rats
124 creatures vanquished.

Vanquished Creatures (others)
  33 plants
33 creatures vanquished.

Grand Total: 157 creatures vanquished

Notes
Turn   | Place    | Note
-------+----------+-------------------------------------------
     0 | D:1      | qw the Gargoyle Fighter began the quest for the Orb.
     0 | D:1      | Reached XP level 1. HP: 14/14 MP: 1/1
     0 | D:1      | 0 ||| qw: Version: 0.2-a-10-g399e6c4
     0 | D:1      | 0 ||| qw: Game counter: 173
     0 | D:1      | 0 ||| qw: Always use a shield: true
     0 | D:1      | 0 ||| qw: God list: Okawaru
     0 | D:1      | 0 ||| qw: Allow faded altars: false
     0 | D:1      | 0 ||| qw: Do Orc after D:15 true
     0 | D:1      | 0 ||| qw: Do second Lair branch before Depths: true
     0 | D:1      | 0 ||| qw: Lair rune preference: random
     0 | D:1      | 0 ||| qw: Plans: Normal, Zot:1-4, God:TSO, Crypt, Tomb,
                  | Pan, Slime:5, Hells, Abyss, Orb
     0 | D:1      | 0 ||| PLANNING D:1-11
    78 | D:1      | Found a faded altar of an unknown god.
   160 | D:1      | Reached skill level 2 in Axes
   186 | D:1      | You fall into a shaft and drop 1 floor!
   227 | D:2      | 227 ||| Stepping ~*~*~tactically~*~*~ (stealth).
   237 | D:2      | 237 ||| Stepping ~*~*~tactically~*~*~ (stealth).
   249 | D:2      | 249 ||| Stepping ~*~*~tactically~*~*~ (stealth).
   269 | D:2      | Reached XP level 2. HP: 14/19 MP: 2/2
   368 | D:2      | 368 ||| Stepping ~*~*~tactically~*~*~ (stealth).
   392 | D:2      | 392 ||| Stepping ~*~*~tactically~*~*~ (stealth).
   500 | D:2      | 500 ||| DROPPING +0 mace of holy wrath.
   524 | D:2      | Reached skill level 3 in Axes
   550 | D:2      | 550 ||| Stepping ~*~*~tactically~*~*~ (stealth).
   569 | D:2      | 569 ||| Stepping ~*~*~tactically~*~*~ (stealth).
   570 | D:2      | 570 ||| Stepping ~*~*~tactically~*~*~ (stealth).
   581 | D:2      | Reached XP level 3. HP: 20/23 MP: 3/3
   687 | D:2      | 687 ||| UPGRADING to ring of see invisible.
   688 | D:2      | 688 ||| READING scroll labelled YCAT EFUUHA.
   693 | D:2      | 693 ||| READING scroll labelled HULIOKL QOSCHER.
   742 | D:2      | 742 ||| DRINKING 2 silvery potions.
   787 | D:2      | 787 ||| Stepping ~*~*~tactically~*~*~ (stealth).
  1731 | D:2      | Reached XP level 4. HP: 7/28 MP: 4/4
  1894 | D:2      | 1894 ||| Stepping ~*~*~tactically~*~*~ (stealth).
  1958 | D:2      | 1958 ||| Stepping ~*~*~tactically~*~*~ (stealth).
  1980 | D:2      | 1980 ||| Stepping ~*~*~tactically~*~*~ (stealth).
  2011 | D:2      | Reached skill level 4 in Axes
  2626 | D:2      | 2626 ||| READING scroll labelled GUECEOBRANT.
  2674 | D:3      | 2674 ||| Stepping ~*~*~tactically~*~*~ (stealth).
  2999 | D:3      | Found a shadowy altar of Dithmenos.
  3103 | D:3      | Found a glowing golden altar of the Shining One.
  3328 | D:3      | Noticed Robin
  3335 | D:3      | Killed Robin
  3336 | D:3      | Reached XP level 5. HP: 31/32 MP: 5/5
  3359 | D:3      | 3359 ||| FLEEEEING.
  3360 | D:3      | 3360 ||| FLEEEEING.
  3361 | D:3      | 3361 ||| FLEEEEING.
  3362 | D:3      | 3362 ||| FLEEEEING.
  3363 | D:3      | 3363 ||| FLEEEEING.
  3364 | D:3      | 3364 ||| FLEEEEING.
  3365 | D:3      | 3365 ||| FLEEEEING.
  3366 | D:3      | 3366 ||| FLEEEEING.
  3367 | D:3      | 3367 ||| FLEEEEING.
  3368 | D:3      | 3368 ||| FLEEEEING.
  3369 | D:3      | 3369 ||| FLEEEEING.
  3370 | D:3      | 3370 ||| FLEEEEING.
  3371 | D:3      | 3371 ||| FLEEEEING.
  3372 | D:3      | 3372 ||| FLEEEEING.
  3373 | D:3      | 3373 ||| FLEEEEING.
  3374 | D:3      | 3374 ||| FLEEEEING.
  3375 | D:3      | 3375 ||| FLEEEEING.
  3376 | D:3      | 3376 ||| FLEEEEING.
  3377 | D:3      | 3377 ||| FLEEEEING.
  3378 | D:3      | 3378 ||| FLEEEEING.
  3379 | D:3      | 3379 ||| FLEEEEING.
  3380 | D:3      | 3380 ||| FLEEEEING.
  3381 | D:3      | 3381 ||| FLEEEEING.
  3382 | D:3      | 3382 ||| FLEEEEING.
  3383 | D:3      | 3383 ||| FLEEEEING.
  3384 | D:3      | 3384 ||| FLEEEEING.
  3385 | D:3      | 3385 ||| FLEEEEING.
  3386 | D:3      | 3386 ||| FLEEEEING.
  3387 | D:3      | 3387 ||| FLEEEEING.
  3388 | D:3      | 3388 ||| FLEEEEING.
  3389 | D:3      | 3389 ||| FLEEEEING.
  3390 | D:3      | 3390 ||| FLEEEEING.
  3391 | D:3      | 3391 ||| FLEEEEING.
  3392 | D:3      | 3392 ||| FLEEEEING.
  3393 | D:3      | 3393 ||| FLEEEEING.
  3394 | D:3      | 3394 ||| FLEEEEING.
  3397 | D:3      | 3397 ||| FLEEEEING.
  3400 | D:3      | 3400 ||| FLEEEEING.
  3401 | D:3      | 3401 ||| FLEEEEING.
  3402 | D:3      | 3402 ||| FLEEEEING.
  3403 | D:3      | 3403 ||| FLEEEEING.
  3404 | D:3      | 3404 ||| FLEEEEING.
  3405 | D:3      | 3405 ||| FLEEEEING.
  3406 | D:3      | 3406 ||| FLEEEEING.
  3407 | D:3      | 3407 ||| FLEEEEING.
  3408 | D:3      | 3408 ||| FLEEEEING.
  3409 | D:3      | 3409 ||| FLEEEEING.
  3410 | D:3      | 3410 ||| FLEEEEING.
  3411 | D:3      | 3411 ||| FLEEEEING.
  3412 | D:3      | 3412 ||| FLEEEEING.
  3413 | D:3      | 3413 ||| FLEEEEING.
  3414 | D:3      | 3414 ||| FLEEEEING.
  3415 | D:3      | 3415 ||| FLEEEEING.
  3416 | D:3      | 3416 ||| FLEEEEING.
  3417 | D:3      | 3417 ||| FLEEEEING.
  3418 | D:3      | 3418 ||| FLEEEEING.
  3419 | D:3      | 3419 ||| FLEEEEING.
  3420 | D:3      | 3420 ||| FLEEEEING.
  3421 | D:3      | 3421 ||| FLEEEEING.
  3422 | D:3      | 3422 ||| FLEEEEING.
  3423 | D:3      | 3423 ||| STAIRDANCE
  3462 | D:2      | 3462 ||| UPGRADING to +6 ring of dexterity.
  3463 | D:2      | 3463 ||| UPGRADING to +4 ring of protection.
  3465 | D:2      | 3465 ||| READING scroll labelled GYKUYCAJUM.
  3466 | D:2      | 3466 ||| READING 2 scrolls labelled EMMEME TIPIE.
  3467 | D:2      | 3467 ||| READING scroll labelled ZABUIN QUHOS.
  3579 | D:3      | Found a glowing silver altar of Zin.
  3753 | D:3      | 3753 ||| UPGRADING to +0 helmet.
  3783 | D:3      | 3783 ||| READING scroll labelled DUGAGECHADGH.
  3843 | D:4      | Reached skill level 5 in Axes
  3933 | D:4      | 3933 ||| Stepping ~*~*~tactically~*~*~ (hiding).
  3950 | D:4      | Reached XP level 6. HP: 33/38 MP: 6/6
  3986 | D:4      | 3986 ||| DROPPING +0 flail.
  4018 | D:4      | Reached skill level 1 in Dodging
  4018 | D:4      | 4018 ||| DRINKING 3 potions of curing.
  4018 | D:4      | 4018 ||| (to cure confusion)
  4065 | D:4      | Found Efeastri's Magic Scroll Boutique.
  4083 | D:4      | 4083 ||| BUYING scroll of enchant weapon (75 gold).
  4083 | D:4      | Bought a scroll of enchant weapon for 75 gold pieces
  4083 | D:4      | 4083 ||| BUYING scroll of identify (20 gold).
  4083 | D:4      | Bought a scroll of identify for 20 gold pieces
  4083 | D:4      | 4083 ||| BUYING scroll of identify (20 gold).
  4083 | D:4      | Bought a scroll of identify for 20 gold pieces
  4083 | D:4      | 4083 ||| BUYING scroll of teleportation (30 gold).
  4083 | D:4      | Bought a scroll of teleportation for 30 gold pieces
  4083 | D:4      | 4083 ||| BUYING scroll of teleportation (30 gold).
  4083 | D:4      | Bought a scroll of teleportation for 30 gold pieces
  4083 | D:4      | 4083 ||| SHOPLISTING scroll of teleportation (30 gold, have
                  | 0).
  4083 | D:4      | 4083 ||| READING scroll of enchant weapon.
  4083 | D:4      | 4083 ||| ENCHANTING +1 war axe.
  4460 | D:4      | 4460 ||| UPGRADING to +0 chain mail.
  4470 | D:4      | 4470 ||| DROPPING +0 scale mail.
  4471 | D:4      | 4471 ||| DROPPING amulet of magic regeneration.
  4472 | D:4      | 4472 ||| READING 3 scrolls labelled YFIATW HYMA.
  4473 | D:4      | 4473 ||| READING 2 scrolls of enchant armour.
  4473 | D:4      | 4473 ||| ENCHANTING +0 helmet.
  4474 | D:4      | 4474 ||| READING scroll of enchant armour.
  4474 | D:4      | 4474 ||| ENCHANTING +1 helmet.
  4475 | D:4      | 4475 ||| READING scroll labelled QOOMOI MUIG.
  4476 | D:4      | 4476 ||| READING 3 scrolls of identify.
  4476 | D:4      | 4476 ||| IDENTIFYING lumpy sapphire potion
  4477 | D:4      | 4477 ||| READING 2 scrolls of identify.
  4477 | D:4      | 4477 ||| IDENTIFYING golden potion
  4478 | D:4      | 4478 ||| DROPPING potion of flight.
  4497 | D:5      | Entered Level 5 of the Dungeon
  4549 | D:5      | Reached skill level 6 in Axes
  4549 | D:5      | Reached XP level 7. HP: 37/43 MP: 7/7
  5190 | D:5      | Reached skill level 7 in Axes
  5503 | D:5      | Found a hazy altar of Hepliaklqana.
  5641 | D:5      | 5641 ||| UPGRADING to +0 pair of gloves.
  5646 | D:5      | 5646 ||| READING scroll labelled NUHA JONUPIKHLO.
  5646 | D:5      | Identified a scroll of acquirement
  5646 | D:5      | 5646 ||| ACQUIRING +4 ring of evasion
  5646 | D:5      | Acquired a +4 ring of evasion
  5648 | D:5      | 5648 ||| DROPPING +6 ring of dexterity.
  5649 | D:5      | 5649 ||| READING 3 scrolls of identify.
  5649 | D:5      | 5649 ||| IDENTIFYING smoky black potion
  5650 | D:5      | 5650 ||| READING 2 scrolls of identify.
  5650 | D:5      | 5650 ||| IDENTIFYING dark potion
  5651 | D:5      | 5651 ||| DROPPING potion of invisibility.
  5759 | D:6      | Noticed Blork the orc
  5760 | D:6      | 5760 ||| Stepping ~*~*~tactically~*~*~ (hiding).
  5773 | D:6      | Killed Blork the orc
  5774 | D:6      | Reached XP level 8. HP: 49/49 MP: 8/8
  5775 | D:6      | 5775 ||| Stepping ~*~*~tactically~*~*~ (stealth).
  5777 | D:6      | 5777 ||| Stepping ~*~*~tactically~*~*~ (stealth).
  5785 | D:6      | 5785 ||| Stepping ~*~*~tactically~*~*~ (stealth).
  5786 | D:6      | 5786 ||| FLEEEEING.
  5788 | D:6      | 5788 ||| FLEEEEING.
  5792 | D:6      | 5792 ||| FLEEEEING.
  5793 | D:6      | 5793 ||| FLEEEEING.
  5794 | D:6      | 5794 ||| FLEEEEING.
  5795 | D:6      | 5795 ||| STAIRDANCE
  5879 | D:5      | 5879 ||| DROPPING ring of wizardry.
  5922 | D:6      | 5922 ||| Stepping ~*~*~tactically~*~*~ (hiding).
  5937 | D:6      | 5937 ||| Stepping ~*~*~tactically~*~*~ (hiding).
  5953 | D:6      | Reached skill level 1 in Throwing
  6070 | D:6      | 6070 ||| Stepping ~*~*~tactically~*~*~ (stealth).
  6071 | D:6      | 6071 ||| Stepping ~*~*~tactically~*~*~ (stealth).
  6083 | D:6      | 6083 ||| FLEEEEING.
  6084 | D:6      | 6084 ||| FLEEEEING.
  6085 | D:6      | 6085 ||| FLEEEEING.
  6086 | D:6      | 6086 ||| FLEEEEING.
  6088 | D:6      | 6088 ||| FLEEEEING.
  6089 | D:6      | 6089 ||| FLEEEEING.
  6090 | D:6      | 6090 ||| FLEEEEING.
  6091 | D:6      | 6091 ||| FLEEEEING.
  6092 | D:6      | 6092 ||| FLEEEEING.
  6093 | D:6      | 6093 ||| FLEEEEING.
  6096 | D:6      | 6096 ||| FLEEEEING.
  6097 | D:6      | 6097 ||| FLEEEEING.
  6098 | D:6      | 6098 ||| FLEEEEING.
  6099 | D:6      | 6099 ||| FLEEEEING.
  6100 | D:6      | 6100 ||| FLEEEEING.
  6103 | D:6      | 6103 ||| FLEEEEING.
  6105 | D:6      | 6105 ||| FLEEEEING.
  6106 | D:6      | 6106 ||| FLEEEEING.
  6110 | D:6      | 6110 ||| FLEEEEING.
  6111 | D:6      | 6111 ||| FLEEEEING.
  6112 | D:6      | 6112 ||| FLEEEEING.
  6113 | D:6      | 6113 ||| STAIRDANCE
  6183 | D:5      | 6183 ||| READING 2 scrolls of identify.
  6183 | D:5      | 6183 ||| IDENTIFYING orange potion
  6195 | D:6      | Reached skill level 8 in Axes
  6251 | D:6      | 6251 ||| Stepping ~*~*~tactically~*~*~ (stealth).
  6255 | D:6      | 6255 ||| Stepping ~*~*~tactically~*~*~ (stealth).
  6304 | D:6      | Found a staircase to the Ecumenical Temple.
  6305 | D:6      | 6305 ||| PLANNING TEMPLE
  6313 | Temple   | Entered the Ecumenical Temple
  6453 | Temple   | 6453 ||| PLANNING D:1-11
  6557 | D:6      | Reached skill level 6 in Fighting
  6650 | D:6      | Noticed Sigmund
  6651 | D:6      | 6651 ||| Stepping ~*~*~tactically~*~*~ (hiding).
  6667 | D:6      | Killed Sigmund
  6871 | D:6      | Found a shimmering altar of Xom.
  6980 | D:6      | 6980 ||| READING scroll labelled MAPNUAWUVE.
  6981 | D:6      | 6981 ||| DRINKING 2 smoky white potions.
  7087 | D:7      | Reached XP level 9. HP: 50/55 MP: 9/9
  7125 | D:7      | HP: 12/55 [killer bee (5)]
  7126 | D:7      | Reached skill level 9 in Axes
  7126 | D:7      | 7126 ||| READING 6 scrolls of teleportation.
  7126 | D:7      | HP: 5/55 [killer bee (1)]
  7126 | D:7      | Slain by a wight

Levels and vault maps discovered:
D:1:      dpeg_arrival_brainrot, layout_basic,
          hellmonk_ecumenical_altar_lost_god
D:2:      wad_woods_settlement, layout_basic, serial_glass, glass_columns_a,
          glass_columns_a, minmay_3d_cube
D:3:      layout_loops_ring, mainiacjoe_overflow_24_doors,
          general_overflow_altar, zin_statuary, uniq_robin,
          uniq_crazy_yiuf_cottage
D:4:      layout_basic, serial_shops, shop
D:5:      layout_gridville, nicolae_hepliaklqana_hazy_memory,
          serial_bayou_crossing
D:6:      layout_basic, kennysheep_mini, minmay_temple_entry_sparse_star,
          uniq_sigmund, uniq_blork_the_orc
D:7:      layout_basic, mainiacjoe_overflow_divided_tiny
Temple:   hellmonk_temple_flake

Skill      XL: |  1  2  3  4  5  6  7  8  9 |
---------------+----------------------------+-----
Axes           | 2 3 4 5 6 7 8 9 |  9.2
Fighting       | 4 5 6 |  6.2
Dodging        | 1 |  1.0
Armour         | 4 |  4.4
Throwing       | 1 |  1.2
Shields        | |  3.2

Action                   |  1- 3 |  4- 6 |  7- 9 || total
-------------------------+-------+-------+-------++-------
Melee: War axe           |    84 |   180 |   171 ||   435
Throw: Boomerang         |       |       |    18 ||    18
  Use: Scroll            |     2 |    12 |     6 ||    20
       Potion            |     1 |     1 |     1 ||     3
Armor: Scale mail        |    38 |    94 |       ||   132
       Chain mail        |       |     5 |   153 ||   158
Dodge: Dodged            |    24 |    59 |    64 ||   147
Block: Buckler           |    17 |    26 |    22 ||    65

Table legend:
 A = Non-vault XP
 B = Vault XP
 C = Vault XP percentage of total XP
 D = Non-vault monster count
 E = Vault monster count
 F = Vault count percentage of total count
                 A         B        C        D         E       F
            +---------+---------+-------+---------+---------+-------
      Total |    2213 |     423 |  16.0 |     100 |      24 |  19.4
            +---------+---------+-------+---------+---------+-------
        D:1 |      20 |       2 |   9.1 |      13 |       1 |   7.1
        D:2 |      58 |      51 |  46.8 |      23 |       8 |  25.8
        D:3 |      18 |      39 |  68.4 |      11 |      13 |  54.2
        D:4 |     352 |       0 |   0.0 |      20 |       0 |   0.0
        D:5 |     550 |       0 |   0.0 |      10 |       0 |   0.0
        D:6 |     878 |     331 |  27.4 |      19 |       2 |   9.5
        D:7 |     337 |       0 |   0.0 |       4 |       0 |   0.0
            +---------+---------+-------+---------+---------+-------
